 Dungeon Crawl Stone Soup version 0.21-a0-509-gecc5317 (webtiles) character file.

691 Gwenloh the Sneak (level 7, 0/32 HPs)
             Began as a Vine Stalker Enchanter on Nov 29, 2017.
             Was an Initiate of Dithmenos.
             Slain by an ice beast (8 damage)
             ... on level 5 of the Dungeon.
             The game lasted 00:32:16 (5980 turns).

Gwenloh the Sneak (Vine Stalker Enchanter)          Turns: 5980, Time: 00:32:17

Health: 0/32       AC:  2    Str: 13    XL:     7   Next: 63%
Magic:  0/14       EV: 12    Int: 15    God:    Dithmenos [......]
Gold:   118        SH:  0    Dex: 14    Spells: 2/14 levels left

rFire    + . .     SeeInvis .   a - +1 dagger
rCold    . . .     Gourm    .   (no shield)
rNeg     . . .     Faith    .   b - +0 robe
rPois    .         Spirit   +   (no helmet)
rElec    .         Reflect  .   (no cloak)
rCorr    .         Harm     .   (no gloves)
MR       .....                  (no boots)
Stlth    +++.......             (no amulet)
HPRegen  0.50/turn              u - ring of fire
MPRegen  0.14/turn              y - ring of protection from cold

@: no status effects
A: fangs 2, regeneration 1, magic shield, antimagic bite, no potion heal 3, rot
immunity
a: Renounce Religion


You were on level 5 of the Dungeon.
You worshipped Dithmenos.
Dithmenos was noncommittal.
You were not hungry.

You visited 2 branches of the dungeon, and saw 7 of its levels.

You collected 118 gold pieces.

Inventory:

Hand Weapons
 a - a +1 dagger (weapon)
Missiles
 i - 127 stones (quivered)
 l - 107 arrows
 s - 11 sling bullets
 t - 26 poisoned needles
Armour
 b - a +0 robe (worn)
 e - a +2 helmet
 w - a +0 leather armour
Jewellery
 u - a ring of fire (left hand)
 y - a ring of protection from cold (right hand)
Scrolls
 j - 5 scrolls of identify {unknown}
 m - a scroll of blinking {unknown}
 n - 2 scrolls of fear {unknown}
 o - 2 scrolls of teleportation {unknown}
 v - 2 scrolls of remove curse {unknown}
 x - a scroll of random uselessness {unknown}
 z - 3 scrolls of amnesia {unknown}
Potions
 f - 4 potions of haste {unknown}
 g - a potion of might {unknown}
 h - a potion of heal wounds {unknown}
 k - a potion of degeneration {unknown}
 p - a potion of curing {unknown}
 q - a potion of mutation {unknown}
 B - a potion of magic {unknown}
 C - a potion of resistance {unknown}
Books
 c - a book of Maledictions

   Spells                             Type                      Level
   a - Corona                         Hexes                        1
   b - Ensorcelled Hibernation        Hexes/Ice                    2
   c - Confuse                        Hexes                        3
   d - Tukima's Dance                 Hexes                        3
   e - Dazzling Spray                 Conjuration/Hexes            3
 A - the Catalogue of the Helpful Mountains
   (You found it on level 4 of the Dungeon)

   Spells                             Type                      Level
   a - Leda's Liquefaction            Hexes/Earth                  4
   b - Deflect Missiles               Charms/Air                   6
Comestibles
 d - 3 bread rations
 r - a fruit
 D - a chunk of flesh
 E - a meat ration


   Skills:
 + Level 3.2 Short Blades
 - Level 2.2 Dodging
 + Level 6.0 Stealth
 + Level 4.2 Spellcasting
 + Level 1.5 Conjurations
 + Level 4.6 Hexes
 - Level 1.8 Ice Magic


You had 2 spell levels left.
You knew the following spells:

 Your Spells              Type           Power        Failure   Level  Hunger
a - Corona                Hex            ###....      2%          1    None
b - Ensorcelled Hibernat  Hex/Ice        ##....       7%          2    ##.....
c - Confuse               Hex            ###.....     8%          3    ###....
d - Tukima's Dance        Hex            ###.....     8%          3    ###....
e - Dazzling Spray        Conj/Hex       ##....       16%         3    ###....


Dungeon Overview and Level Annotations

Branches:
Dungeon (6/15)             Temple (1/1) D:5

Altars:
Dithmenos
Makhleb
Nemelex Xobeh
Vehumet
Wu Jian
Xom
Zin


Innate Abilities, Weirdness & Mutations

You have extremely sharp teeth.
Your natural rate of healing is unusually fast.
When hurt, damage is shared between your health and your magic reserves.
Your bite disrupts and absorbs the magic of your enemies.
Potions cannot restore your health.
You are immune to rotting.


Message History

Aim: an ice beast (chance to defeat MR: 54%)
The ice beast is outlined in light.
The ice beast hits you but does no damage.
You hit the ice beast.
The ice beast is lightly wounded.
You hit the ice beast but do no damage. You bite the ice beast.
You drain its power.
You feel invigorated.
The ice beast is lightly wounded.
The ice beast hits you but does no damage.
The hound bites you. The hound bites you. The ice beast hits you.
The ice beast freezes you!
* * * LOW HITPOINT WARNING * * *
The hound barely misses you.
You climb upwards.
There is a stone staircase leading down here.
Unknown command.
The ice beast hits you.
* * * LOW HITPOINT WARNING * * *
The ice beast freezes you!
You die...

#.........# ##.## ##.# ####.######
#.# #.# #.# #.# #.# #.# ##'## #.#
#.# ##^..## #.# #.# ##.....## ###
#.# ##.## ##.......## ##.###.#
###.รท.####.....Y...####...##.####
#........+....h>@..'.............
#.....####.........####...##.####
#....## ##.......## ##.###.#
##.### ##.....## ### #.# #.#
##...## #.# #.# ##'## #####.# #.#
#.# #.....#
#.###########.#########.#####
#.##.......##........##.#


You could see an ice beast and a hound.

Vanquished Creatures
  A sky beast (D:5)
  A centaur (D:5)
  2 scorpions
  2 orc wizards
  Jessica (D:2)
  Terence (D:2)
  3 iguanas
  A worker ant (D:4)
  A hound skeleton (D:4)
  12 adders
  A shadow imp (D:4)
  An ooze (D:2)
  A worm (D:2)
  2 leopard geckos
  12 orcs
  4 giant cockroaches
  4 goblins
  7 hobgoblins
  5 jackals
  3 quokkas
  7 bats
  2 frilled lizards
  10 kobolds
  6 rats
90 creatures vanquished.

Vanquished Creatures (others)
  A goblin (D:2)
1 creature vanquished.

Grand Total: 91 creatures vanquished

Notes
Turn   | Place    | Note
-------+----------+-------------------------------------------
     0 | D:1      | Gwenloh the Vine Stalker Enchanter began the quest for the Orb.
     0 | D:1      | Reached XP level 1. HP: 9/9 MP: 4/4
    54 | D:1      | Reached skill level 1 in Short Blades
   384 | D:1      | Reached XP level 2. HP: 9/13 MP: 4/6
   471 | D:1      | Learned a level 2 spell: Ensorcelled Hibernation
  1044 | D:2      | Noticed Jessica
  1053 | D:2      | Killed Jessica
  1053 | D:2      | Reached skill level 4 in Stealth
  1053 | D:2      | Reached XP level 3. HP: 7/16 MP: 2/7
  1308 | D:2      | Learned a level 3 spell: Confuse
  1800 | D:2      | Gained mutation: Your natural rate of healing is unusually fast. [Vine Stalker growth]
  1800 | D:2      | Reached XP level 4. HP: 21/21 MP: 9/9
  2034 | D:2      | Noticed Terence
  2058 | D:2      | Killed Terence
  2184 | D:2      | Found a faded altar of an unknown god.
  2292 | D:2      | Found a radiant altar of Vehumet.
  2460 | D:2      | Reached XP level 5. HP: 24/24 MP: 10/10
  2720 | D:2      | Reached skill level 1 in Ice Magic
  2955 | D:3      | Reached XP level 6. HP: 28/28 MP: 10/12
  3023 | D:3      | Reached skill level 5 in Stealth
  4231 | D:4      | Identified the Catalogue of the Helpful Mountains
  4279 | D:4      | Learned a level 3 spell: Tukima's Dance
  4283 | D:4      | Learned a level 3 spell: Dazzling Spray
  4549 | D:4      | Reached XP level 7. HP: 32/32 MP: 13/13
  4992 | D:5      | Entered Level 5 of the Dungeon
  5196 | D:5      | Reached skill level 1 in Conjurations
  5262 | D:5      | Found a sparkling altar of Nemelex Xobeh.
  5436 | D:5      | Found a staircase to the Ecumenical Temple.
  5442 | Temple   | Entered the Ecumenical Temple
  5447 | Temple   | Became a worshipper of Dithmenos the Shadowed
  5611 | D:5      | Reached skill level 6 in Stealth
  5980 | D:5      | Slain by an ice beast

Vault maps used:
D:1:      zaba_arrival_water, st_stairs_6
D:2:      fiery_altar_vehumet, chequers_ecumenical_altar_simple, uniq_terence,
          uniq_jessica
D:3:      minmay_misc_feat_hallway
D:5:      nemelex_xobeh_ov_fountains_minmay, minmay_temple_entry_fiery,
          first_bread
D:6:      grunt_ministairs_11, led_sif_book
Temple:   regret_index_temple_chain_breaker

Skill      XL: |  1  2  3  4  5  6  7 |
---------------+----------------------+-----
Short Blades   | 1 2 3 |  3.2
Dodging        | 2 |  2.2
Stealth        | 4 5 6 |  6.0
Spellcasting   | 3 4 |  4.2
Ice Magic      | 1 |  1.8
Hexes          | 4 |  4.6
Conjurations   | 1 |  1.5

Action                   |  1- 3 |  4- 6 |  7- 9 || total
-------------------------+-------+-------+-------++-------
Melee: Dagger            |    75 |   118 |    22 ||   215
       Bite              |    11 |    17 |     4 ||    32
 Cast: Corona            |    14 |    13 |     2 ||    29
       Ensorcelled Hiber |    15 |    53 |    10 ||    78
       Confuse           |       |       |     4 ||     4
 Stab: Sleeping          |     9 |    42 |     8 ||    59
       Confused          |       |       |     1 ||     1
  Eat: Chunk             |     4 |    12 |     3 ||    19
       Fruit             |       |       |     2 ||     2
Armor: Robe              |     7 |    26 |     3 ||    36
Dodge: Dodged            |    53 |    78 |    13 ||   144

Table legend:
 A = Spawn XP
 B = Non-spawn XP
 C = Spawn XP percentage of total XP
 D = Spawn monster count
 E = Non-spawn monster count
 F = Spawn count percentage of total count
 G = Total turns spent on level
                    A         B        C        D         E        F      G
               +---------+---------+-------+---------+---------+-------+---------
         Total |       0 |     988 |   0.0 |       0 |      90 |   0.0 |  5980
               +---------+---------+-------+---------+---------+-------+---------
           D:1 |       0 |      23 |   0.0 |       0 |      14 |   0.0 |   806
           D:2 |       0 |     238 |   0.0 |       0 |      27 |   0.0 |  2086
           D:3 |       0 |     154 |   0.0 |       0 |      24 |   0.0 |   762
           D:4 |       0 |     205 |   0.0 |       0 |      15 |   0.0 |  1338
           D:5 |       0 |     329 |   0.0 |       0 |       8 |   0.0 |   927
           D:6 |       0 |      39 |   0.0 |       0 |       2 |   0.0 |    50
               +---------+---------+-------+---------+---------+-------+---------
